 Dungeon Crawl Stone Soup version 0.20.0-10-g0535bb4 (webtiles) character file.

1288 poirepourri the Covert (level 8, -4/37 HPs)
             Began as a Spriggan Enchanter on June 6, 2017.
             Slain by a killer bee zombie (6 damage)
             ... on level 6 of the Dungeon.
             The game lasted 00:11:38 (10229 turns).

poirepourri the Covert (Spriggan Enchanter)        Turns: 10229, Time: 00:11:39

Health: -4/37      AC:  2    Str:  4    XL:     8   Next: 30%
Magic:  18/18      EV: 20    Int: 17    God:
Gold:   293        SH:  3    Dex: 18    Spells: 7/19 levels left

rFire    . . .     SeeInvis +   i - +2 dagger (venom)
rCold    + + .     Gourm    .   (shield restricted)
rNeg     . . .     Faith    .   b - +0 robe
rPois    .         Spirit   .   q - +0 hat
rElec    .         Reflect  +   (no cloak)
rCorr    .         Harm     .   (gloves unavailable)
MR       +....                  (boots unavailable)
Stlth    ++++......             e - +3 amulet of reflection
Regen    0.2/turn               k - ring of protection from cold
MPRegen  0.2/turn               m - ring of protection from cold

@: very quick
A: unfitting armour, see invisible, herbivore 3, speed 3, slow metabolism 2
a: no special abilities


You were on level 6 of the Dungeon.
You were full.

You visited 1 branch of the dungeon, and saw 6 of its levels.

You collected 293 gold pieces.

Inventory:

Hand Weapons
 i - a +2 dagger of venom (weapon)
Missiles
 f - 7 tomahawks (quivered)
Armour
 b - a +0 robe (worn)
 q - a +0 hat (worn)
Jewellery
 e - a +3 amulet of reflection (around neck)
 k - a ring of protection from cold (left hand)
 m - a ring of protection from cold (right hand)
Wands
 r - a wand of paralysis (20/24)
 s - a wand of random effects (48/48)
 t - a wand of random effects (22/48)
Scrolls
 a - 3 scrolls of remove curse
 o - 2 scrolls of identify
Potions
 h - a potion of lignification
 j - a potion of haste
 l - a potion of resistance
 n - 3 potions of curing
 p - a potion of agility
Books
 c - a book of Maledictions

   Spells                             Type                      Level
   a - Corona                         Hexes                        1
   b - Ensorcelled Hibernation        Hexes/Ice                    2
   c - Confuse                        Hexes                        3
   d - Tukima's Dance                 Hexes                        3
   e - Dazzling Spray                 Conjuration/Hexes            3
Comestibles
 d - 2 royal jellies
 g - 6 fruits
 u - a bread ration


   Skills:
 + Level 1.4 Fighting
 + Level 4.0 Short Blades
 + Level 4.4 Dodging
 + Level 9.6 Stealth
 + Level 6.3 Spellcasting
 + Level 0.1 Conjurations
 + Level 6.6 Hexes
 - Level 1.0 Ice Magic


You had 7 spell levels left.
You knew the following spells:

 Your Spells              Type           Power        Failure   Level  Hunger
a - Corona                Hex            ####...      1%          1    None
b - Ensorcelled Hibernat  Hex/Ice        ###...       4%          2    None
c - Confuse               Hex            ####....     2%          3    ##.....
d - Tukima's Dance        Hex            ####....     2%          3    ##.....
e - Dazzling Spray        Conj/Hex       ###...       10%         3    ##.....


Dungeon Overview and Level Annotations

Branches:
Dungeon (6/15)             Temple (0/1) D:5

Altars:
Ashenzari
Fedhas
Okawaru
Yredelemnul


Innate Abilities, Weirdness & Mutations

You are very small and have problems with some larger weapons.
You are too small for most types of armour.
You have supernaturally acute eyesight. (SInv)
You are a herbivore.
You cover ground extremely quickly.
You need consume almost no food.


Message History

The killer bee zombie is severely damaged.
The killer bee zombie misses you.
You barely miss the killer bee zombie.
The killer bee zombie is severely damaged.
The killer bee zombie hits you!
* * * LOW HITPOINT WARNING * * *
You hit the killer bee zombie.
The killer bee zombie is severely damaged.
The killer bee zombie hits you.
* * * LOW HITPOINT WARNING * * *
You block the killer bee zombie's attack.
You miss the killer bee zombie.
The killer bee zombie is severely damaged.
The killer bee zombie closely misses you.
You hit the killer bee zombie.
The killer bee zombie is almost destroyed.
The killer bee zombie hits you.
* * * LOW HITPOINT WARNING * * *
The killer bee zombie hits you.
You die...

......##.# .........#
##. .........# .<.
#<##...... ..##.#
####..#... ......
......# .# #.##.#
###...# #.##.# ...#.
#.##Z# ##
#..##.####.##@# # ..
...>.......##.#.# .#
#..##...........# .#
#..##.###.###.###
.###..##.#.........#.
...#.................
...#.###.#.#.###.#.#...
.###.# #...#.# #.#.# ##
.....# #####.# #.#.#


You could see a killer bee zombie.

Vanquished Creatures
  Menkaure (D:4)
  An orc warrior (D:4)
  5 ogres
  A bullfrog (D:6)
  A scorpion (D:6)
  A howler monkey (D:5)
  A hound (D:6)
  6 orc wizards
  A bullfrog skeleton (D:4)
  2 worker ants
  Robin (D:4)
  9 adders
  2 shadow imps
  4 worms
  4 dart slugs
  4 leopard geckos
  25 orcs
  13 giant cockroaches
  16 goblins
  6 hobgoblins
  14 jackals
  3 quokkas
  2 ball pythons
  6 bats
  2 frilled lizards
  A jackal skeleton (D:5)
  3 kobolds
  A leopard gecko skeleton (D:4)
  A leopard gecko zombie (D:6)
  8 rats
145 creatures vanquished.

Notes
Turn   | Place    | Note
-------+----------+-------------------------------------------
     0 | D:1      | poirepourri the Spriggan Enchanter began the quest for the Orb.
     0 | D:1      | Reached XP level 1. HP: 9/9 MP: 5/5
   683 | D:1      | Reached XP level 2. HP: 13/13 MP: 7/7
   687 | D:1      | Learned a level 2 spell: Ensorcelled Hibernation
  1893 | D:2      | Reached XP level 3. HP: 16/16 MP: 5/8
  2171 | D:2      | Found a blossoming altar of Fedhas.
  2177 | D:2      | Reached skill level 5 in Stealth
  3017 | D:2      | Learned a level 3 spell: Confuse
  3436 | D:3      | Reached XP level 4. HP: 21/21 MP: 7/10
  3590 | D:3      | Reached skill level 1 in Ice Magic
  4063 | D:2      | Learned a level 3 spell: Tukima's Dance
  4293 | D:3      | Reached skill level 6 in Stealth
  4632 | D:3      | Reached XP level 5. HP: 23/25 MP: 6/11
  4793 | D:3      | Found a basalt altar of Yredelemnul.
  5064 | D:3      | Found a shattered altar of Ashenzari.
  5828 | D:4      | Noticed Robin
  5859 | D:4      | Killed Robin
  5981 | D:3      | Reached skill level 1 in Fighting
  6311 | D:4      | Reached skill level 5 in Hexes
  6334 | D:4      | Noticed Menkaure
  6634 | D:3      | Reached XP level 6. HP: 16/30 MP: 8/13
  7062 | D:3      | Learned a level 3 spell: Dazzling Spray
  7494 | D:4      | Reached skill level 7 in Stealth
  7752 | D:4      | Killed Menkaure
  8146 | D:4      | Noticed an orc warrior
  8169 | D:4      | Reached XP level 7. HP: 19/33 MP: 1/15
  8196 | D:4      | Reached skill level 5 in Spellcasting
  8769 | D:5      | Entered Level 5 of the Dungeon
  8786 | D:4      | Reached skill level 8 in Stealth
  9399 | D:5      | Found an iron altar of Okawaru.
  9410 | D:5      | Reached skill level 9 in Stealth
  9410 | D:5      | Reached XP level 8. HP: 29/37 MP: 12/18
  9699 | D:5      | Found a staircase to the Ecumenical Temple.
 10229 | D:6      | Slain by a killer bee zombie

Skill      XL: |  1  2  3  4  5  6  7  8 |
---------------+-------------------------+-----
Spellcasting   | 3 4 6 |  6.3
Hexes          | 4 5 6 |  6.6
Stealth        | 5 6 7 9 |  9.6
Ice Magic      | 1 |  1.0
Fighting       | 1 |  1.4
Dodging        | 4 |  4.4
Short Blades   | 2 3 4 |  4.0
Conjurations   | |  0.1

Action                   |  1- 3 |  4- 6 |  7- 9 || total
-------------------------+-------+-------+-------++-------
Melee: Dagger            |   140 |   158 |   119 ||   417
 Cast: Ensorcelled Hiber |    30 |    74 |    34 ||   138
       Confuse           |     2 |     6 |     5 ||    13
       Tukima's Dance    |       |     2 |       ||     2
       Dazzling Spray    |       |     3 |       ||     3
  Use: Scroll            |     4 |     6 |     4 ||    14
       Potion            |       |     5 |       ||     5
 Stab: Sleeping          |    24 |    40 |    25 ||    89
       Confused          |       |     2 |     2 ||     4
  Eat: Bread ration      |     1 |     1 |     1 ||     3
       Fruit             |       |       |     1 ||     1
Armor: Robe              |     6 |     4 |     2 ||    12
Dodge: Dodged            |    97 |   128 |    74 ||   299
Block: Other             |     8 |    16 |    12 ||    36
